Map: 킹스 코브 - 래더

Players

Crow

  • Race: Zerg Zerg
  • Spawn Location: 5:00

gumiho - Winner!

  • Race: Terran Terran
  • Spawn Location: 11:00

Event: IEM Season 13: Katowice (2019)

VOD

Have the link to the VOD?

Description

Time

  • Played on: Feb. 26, 2019, 4:27 a.m.
  • Length: 7:19

All games in this series

Show
View Real Time Build Order
Export as new Build Order

Crow Zerg 

Build Orders: Hatch First 

Get SALT Encoding   

  12  0:00  Drone  
  13  0:13  Overlord  
  13  0:17  Drone  
  14  0:31  Drone x2  
  16  0:49  Hatchery  
  15  0:52  Drone  
  15  0:56  Drone  
  17  0:59  Drone  
  18  1:10  Extractor  
  17  1:15  Spawning Pool  
  17  1:18  Drone  
  17  1:22  Drone  
  18  1:29  Drone  
  19  1:39  Drone  
  20  1:49  Overlord  
  20  2:02  Queen x2  
  20  2:03  Zergling x4  
  26  2:11  Metabolic Boost  
  26  2:12  Drone  
  26  2:15  Drone  
  28  2:22  Drone  
  29  2:23  Drone  
  30  2:43  Hatchery  
  29  2:47  Drone  
  29  2:48  Drone  
  31  2:52  Pneumatized Carapace  
  31  2:59  Queen  
  31  3:04  Drone  
  34  3:12  Drone  
  35  3:13  Overlord, Drone  
  36  3:26  Overlord  
  36  3:31  Zergling x2  
  36  3:32  Drone  
  36  3:33  Drone x3  
  41  3:38  Queen  
  43  3:42  Overlord  
  43  3:47  Drone x4  
  47  3:52  Drone  
  48  3:59  Roach Warren  
  47  4:06  Extractor  
  47  4:08  Extractor  
  47  4:09  Drone x3  
  48  4:10  Drone x3  
  48  4:15  Overlord  
  51  4:26  Overlord  
  51  4:27  Zergling x4  
  51  4:28  Zergling x4  
  55  4:40  Roach x7  
  55  4:42  Roach  
  55  4:44  Roach  
  73  4:57  Overlord  
  73  4:59  Zergling x12  
  79  5:02  Ravager x2  
  81  5:07  Overlord  
  81  5:12  Ravager  
  82  5:16  Overlord  
  82  5:18  Zergling x10  
  82  5:20  Ravager  
  87  5:28  Zergling x2  
  87  5:29  Zergling x8  
  87  5:30  Ravager  
  93  5:38  Zergling x12  
  74  5:52  Drone x4  
  77  5:57  Drone x5  
  77  6:01  Drone  
  77  6:02  Drone x4  
  83  6:07  Lair  
  83  6:11  Drone x2  
  85  6:18  Drone x3  
  85  6:24  Drone x4  
  92  6:30  Drone  
  92  6:31  Drone x4  
  97  6:33  Evolution Chamber  
  97  6:36  Evolution Chamber  
  95  6:40  Drone  
  95  6:41  Drone x3  
  99  6:48  Overlord  
  99  6:51  Hatchery  
  99  6:54  Extractor  
  97  6:55  Extractor  
  97  6:57  Roach x4  
Show
View Real Time Build Order
Export as new Build Order

gumiho Terran - Winner!

Build Orders: Reaper Expand, Mech 

Get SALT Encoding   

  12  0:00  SCV  
  13  0:12  SCV  
  14  0:18  Supply Depot  
  14  0:24  SCV  
  15  0:39  SCV  
  15  0:42  Barracks  
  16  0:44  Refinery  
  16  0:51  SCV  
  17  1:03  SCV  
  18  1:16  SCV  
  19  1:28  Orbital Command  
  19  1:29  Reaper  
  20  1:41  Command Center  
  20  1:48  Supply Depot  
  21  1:54  SCV  
  21  2:01  Reaper, Refinery  
  21  2:06  SCV  
  23  2:18  SCV  
  23  2:21  Factory  
  24  2:30  SCV  
  24  2:34  Barracks Reactor  
  25  2:42  SCV  
  26  2:53  Orbital Command  
  26  2:54  SCV  
  27  3:03  Command Center  
  27  3:06  SCV  
  28  3:18  Barracks Tech Lab, Hellion x2  
  28  3:19  SCV  
  33  3:20  SCV  
  33  3:27  Supply Depot  
  34  3:31  SCV  
  34  3:32  SCV  
  36  3:39  Hellion x2  
  40  3:43  SCV  
  40  3:44  SCV  
  42  3:51  Factory  
  42  3:53  Factory, Barracks Tech Lab  
  42  3:57  SCV  
  42  3:58  SCV  
  44  4:09  SCV  
  45  4:10  SCV  
  45  4:12  Refinery  
  45  4:13  Armory  
  45  4:15  Refinery  
  46  4:18  Orbital Command  
  46  4:21  SCV  
  46  4:23  SCV  
  48  4:26  Hellion  
  48  4:29  Hellion  
  52  4:33  SCV  
  52  4:35  SCV  
  54  4:39  Supply Depot  
  54  4:41  Mag-Field Accelerator  
  54  4:45  SCV x2  
  56  4:47  SCV  
  57  4:57  SCV  
  57  4:58  Siege Tank x2  
  62  5:00  SCV x2  
  62  5:04  Terran Vehicle And Ship Armor Level 1  
  62  5:06  Supply Depot  
  64  5:15  Hellion x2  
  64  5:17  Starport, Barracks Reactor  
  64  5:20  SCV x3  
  71  5:30  Supply Depot  
  71  5:31  Hellion x8, Supply Depot  
  71  5:32  Siege Tank, SCV x2  
  76  5:37  Hellion  
  76  5:42  Siege Tank  
  76  5:53  SCV x2  
  76  5:55  Supply Depot  
  76  5:56  Hellion  
  80  6:00  SCV  
  81  6:05  SCV  
  81  6:10  Medivac x2  
  86  6:12  Orbital Command  
  86  6:17  Factory x2  
  86  6:20  SCV x2  
  86  6:21  Supply Depot  
  86  6:24  Cyclone  
  91  6:27  Cyclone  
  91  6:28  Hellion  
  91  6:32  Hellion  
  98  6:34  SCV x2  
  98  6:38  SCV  
  101  6:45  Supply Depot  
  101  6:46  SCV x2  
  103  6:47  Refinery  
  103  6:49  Refinery  
  103  6:50  SCV  
  103  6:54  Hellion x2  
  108  6:58  SCV  
  109  7:06  SCV  

Tags
 
Add a new tag
Caveats
  • Supply blocks, unpowered buildings, or Contaminate may cause inaccurate times.
  • Supply counts are checked every 10 seconds.